 Dungeon Crawl Stone Soup version 0.31-a0-1343-gcd514f47d3 (webtiles) character file.

Game seed: 10962507582966867711

93 James the Charlatan (level 4, -1/34 HPs)
             Began as a Gnoll Wanderer on Dec 22, 2023.
             Slain by an orc
             ... wielding a +0 flail
              (6 damage)
             ... on level 3 of the Dungeon.
             The game lasted 00:05:16 (1989 turns).

James the Charlatan (Gnoll Wanderer)                Turns: 1989, Time: 00:05:16

Health: -1/34      AC:  6    Str: 13    XL:     4   Next: 61%
Magic:  5/5        EV: 10    Int:  9    God:
Gold:   116        SH:  6    Dex: 14    Spells: 5/5 levels left

rFire   . . .        a - +0 hand axe
rCold   . . .        c - +0 buckler
rNeg    . . .        i - +0 ring mail
rPois   .            (helmet currently unavailable)
rElec   .            (cloak currently unavailable)
rCorr   .            (gloves currently unavailable)
SInv    .            (boots currently unavailable)
Will    +....        (no amulet)
Stlth   +            o - ring of willpower
HPRegen 0.25/turn    (no ring)
MPRegen 0.09/turn

%: no passive effects
@: beast-form
A: beast (slay +0), fangs 1, strong nose, distributed training
a: Begin Untransformation


You were on level 3 of the Dungeon.
You were a hulking beast.
You visited 1 branch of the dungeon, and saw 3 of its levels.

You collected 116 gold pieces.

Inventory:

Hand Weapons
 a - a +0 hand axe (weapon)
 s - a +1 dagger of pain
   (You took it off a kobold on level 2 of the Dungeon)
 t - a +0 short sword
   (You took it off a goblin on level 2 of the Dungeon)
 y - a +0 spear
   (You found it on level 2 of the Dungeon)
Missiles
 p - 11 stones (quivered)
Armour
 c - a +0 buckler (worn)
 e - a +0 leather armour
 g - a +0 leather armour
   (You found it on level 1 of the Dungeon)
 i - a +0 ring mail (worn)
   (You found it on level 1 of the Dungeon)
 n - a +0 ring mail
   (You found it on level 1 of the Dungeon)
Jewellery
 o - a ring of willpower (left hand)
   (You found it on level 1 of the Dungeon)
Talismans
 r - a beast talisman (active)
   (You found it on level 1 of the Dungeon)
Wands
 x - a wand of roots (11)
   (You found it on level 2 of the Dungeon)
Scrolls
 d - a scroll of blinking
 f - 3 scrolls of fog {unknown}
 h - a scroll of summoning {unknown}
 j - a scroll of amnesia {unknown}
 u - a scroll of teleportation {unknown}
 w - a scroll of vulnerability {unknown}
Potions
 k - 4 potions of haste {unknown}
 l - a potion of mutation {unknown}
 m - 2 potions of lignification {unknown}
 q - a potion of resistance {unknown}
 v - a potion of enlightenment {unknown}
Miscellaneous
 b - a sack of spiders


   Skills:
 + Level 2.8 Fighting
 + Level 1.2 Short Blades
 + Level 1.2 Long Blades
 + Level 2.8 Axes
 + Level 1.2 Maces & Flails
 + Level 1.2 Polearms
 + Level 1.2 Staves
 + Level 1.2 Ranged Weapons
 + Level 1.2 Throwing
 + Level 4.7 Armour
 + Level 1.2 Dodging
 + Level 1.2 Stealth
 + Level 6.6 Shields
 + Level 1.2 Unarmed Combat
 + Level 1.2 Spellcasting
 + Level 1.0 Conjurations
 + Level 1.0 Hexes
 + Level 1.0 Summonings
 + Level 1.0 Necromancy
 + Level 1.0 Translocations
 + Level 1.0 Fire Magic
 + Level 1.0 Ice Magic
 + Level 1.0 Air Magic
 + Level 1.0 Earth Magic
 + Level 1.0 Alchemy
 + Level 1.3 Invocations
 + Level 6.6 Evocations
 + Level 1.1 Shapeshifting


You had 5 spell levels left.
You didn't know any spells.
Your spell library contained the following spells:

 Spells                   Type           Power      Damage    Failure   Level
 Lesser Beckoning         Tloc           4%         N/A       67%         2
 Gell's Gravitas          Tloc           2%         N/A       88%         3
 Teleport Other           Tloc           2%         N/A       88%         3


Dungeon Overview and Level Annotations

Branches:
Dungeon (3/15)

Altars:


Innate Abilities, Weirdness & Mutations

You are a hulking beast.
Your limbs bulge with bestial killing power. (Slay +0)
You have very sharp teeth.
Your uncanny sense of smell can sniff out nearby items.
Your experience applies equally to all skills.


Message History

You hit the orc. The orc hits you with a +0 flail.
A frilled lizard comes into view.
You closely miss the orc. You block the orc's attack.
You hit the orc.
You kill the orc!
The rat twitches its whiskers.
You barely miss the rat. You block the rat's attack. x2
You barely miss the rat. The rat bites you but does no damage.
You hit the rat.
You kill the rat!
You hit the orc. The orc hits you with a +0 morningstar!
* * * LOW HITPOINT WARNING * * *
You hit the orc.
You kill the orc!
You hit the orc but do no damage. The orc closely misses you.
You hit the orc.
The orc hits you with a +1 flail of holy wrath!
* * * LOW HITPOINT WARNING * * *
You block the orc's attack.
You hit the orc.
You kill the orc!
The ball python bites you but does no damage.
The ball python grabs you. The ball python constricts you.
The frilled lizard hisses.
You barely miss the ball python. You bite the ball python.
The ball python bites you but does no damage.
The ball python constricts you.
You hit the ball python. The ball python bites you.
* * * LOW HITPOINT WARNING * * *
The ball python constricts you.
* * * LOW HITPOINT WARNING * * *
The ball python bites you but does no damage.
The ball python constricts you.
* * * LOW HITPOINT WARNING * * *
You escape the ball python's grasp.
The ball python attacks as it pursues you!
The ball python bites you.
* * * LOW HITPOINT WARNING * * *
The ball python grabs you. The ball python constricts you.
You barely miss the ball python. You bite the ball python.
You kill the ball python!
The orc attacks as it pursues you! The orc hits you but does no damage.
The orc attacks as it pursues you! The orc misses you.
The orc attacks as it pursues you! The orc barely misses you.
The orc attacks as it pursues you! The orc hits you with a +0 flail.
* * * LOW HITPOINT WARNING * * *
The orc attacks as it pursues you! The orc barely misses you.
There is a stone staircase leading up here.
The orc hits you with a +0 flail.
You die...

#########
##...#...##
##........<##
#........†..#
#.........†.###
#...h.........#
##..ol.....##....#
##.......## ###.#
####l#### . #.h# #
##.# ...# #o#
.....###o##
..........#


You could see 3 orcs, a jackal and 2 frilled lizards.

Vanquished Creatures
  2 adders (D:2)
  A worm (D:2)
  6 orcs (D:3)
  6 ball pythons
  3 bats
  5 endoplasms
  5 giant cockroaches
  3 goblins (D:2)
  2 hobgoblins (D:2)
  8 jackals
  4 kobolds
  3 quokkas
  4 frilled lizards
  6 rats
58 creatures vanquished.

Notes
Turn   | Place    | Note
-------+----------+-------------------------------------------
     0 | D:1      | James the Gnoll Wanderer began the quest for the Orb.
     0 | D:1      | James set off with the following items: a +0 hand axe, a
                  | sack of spiders, a +0 buckler, a scroll of blinking, a +0
                  | leather armour.
     0 | D:1      | Reached XP level 1. HP: 17/17 MP: 1/1
    57 | D:1      | Reached XP level 2. HP: 16/23 MP: 2/2
   728 | D:1      | Reached XP level 3. HP: 25/28 MP: 3/3
  1007 | D:2      | Reached skill level 1 in Invocations
  1314 | D:2      | Reached skill level 1 in Short Blades
  1314 | D:2      | Reached skill level 1 in Long Blades
  1314 | D:2      | Reached skill level 1 in Maces & Flails
  1314 | D:2      | Reached skill level 1 in Polearms
  1314 | D:2      | Reached skill level 1 in Staves
  1314 | D:2      | Reached skill level 1 in Ranged Weapons
  1314 | D:2      | Reached skill level 1 in Throwing
  1314 | D:2      | Reached skill level 1 in Dodging
  1314 | D:2      | Reached skill level 1 in Stealth
  1314 | D:2      | Reached skill level 1 in Unarmed Combat
  1314 | D:2      | Reached skill level 1 in Spellcasting
  1413 | D:2      | Reached skill level 1 in Shapeshifting
  1413 | D:2      | Reached XP level 4. HP: 33/34 MP: 5/5
  1933 | D:3      | Reached skill level 1 in Conjurations
  1933 | D:3      | Reached skill level 1 in Hexes
  1933 | D:3      | Reached skill level 1 in Summonings
  1933 | D:3      | Reached skill level 1 in Necromancy
  1933 | D:3      | Reached skill level 1 in Translocations
  1933 | D:3      | Reached skill level 1 in Fire Magic
  1933 | D:3      | Reached skill level 1 in Ice Magic
  1933 | D:3      | Reached skill level 1 in Air Magic
  1933 | D:3      | Reached skill level 1 in Earth Magic
  1933 | D:3      | Reached skill level 1 in Alchemy
  1989 | D:3      | Slain by an orc

Illustrated notes

Levels and vault maps discovered:
D:1:      minmay_arrival_solitary_statue, layout_basic, minmay_tiny_reverse_x
D:2:      layout_loops_ring, minmay_misc_feat_doors
D:3:      cheibrodos_old_hovel, layout_rooms, overflow_temple_1_default,
          mainiacjoe_overflow_alcove_4, gammafunk_temple_overflow_pools,
          uniq_natasha

Skill      XL: |  1  2  3  4 |
---------------+-------------+-----
Invocations    | 1 |  1.3
Short Blades   | 1 |  1.2
Long Blades    | 1 |  1.2
Maces & Flails | 1 |  1.2
Polearms       | 1 |  1.2
Staves         | 1 |  1.2
Ranged Weapons | 1 |  1.2
Throwing       | 1 |  1.2
Dodging        | 1 |  1.2
Stealth        | 1 |  1.2
Unarmed Combat | 1 |  1.2
Spellcasting   | 1 |  1.2
Shapeshifting  | 1 |  1.1
Conjurations   | 1 |  1.0
Hexes          | 1 |  1.0
Summonings     | 1 |  1.0
Necromancy     | 1 |  1.0
Translocations | 1 |  1.0
Fire Magic     | 1 |  1.0
Ice Magic      | 1 |  1.0
Air Magic      | 1 |  1.0
Earth Magic    | 1 |  1.0
Alchemy        | 1 |  1.0
Fighting       | |  2.8
Axes           | |  2.8
Armour         | |  4.7
Shields        | |  6.6
Evocations     | |  6.6

Action                     |  1- 3 |  4- 6 || total
---------------------------+-------+-------++-------
  Melee: Hand axe          |   135 |    76 ||   211
         Bite              |    13 |     5 ||    18
  Throw: Stone             |     6 |       ||     6
   Stab: Sleeping          |       |     1 ||     1
 Armour: Leather armour    |    18 |       ||    18
         Ring mail         |    58 |    41 ||    99
  Dodge: Dodged            |    65 |    31 ||    96
  Block: Buckler           |    36 |    18 ||    54
   Form: Beast             |     1 |       ||     1

Table legend: (Time is in decaauts)
 A = Elapsed time spent in this place.
 B = Non-inter-level travel time spent in this place.
 C = Inter-level travel time spent in this place.
 D = Time resting spent in this place.
 E = Time spent auto-exploring this place.
 F = Levels seen in this place.
 G = Mean time per level.
                   A        B        C        D        E       F      G
               +--------+--------+--------+--------+--------+-----+--------+
         Total |   2033 |   1885 |    148 |     44 |   1280 |   3 |  677.7 |
       Dungeon |   2033 |   1885 |    148 |     44 |   1280 |   3 |  677.7 |
               +--------+--------+--------+--------+--------+-----+--------+

Top non-repeatable levels by time:
     D:1: 995 daAuts
     D:2: 926 daAuts
     D:3: 110 daAuts
